 Dungeon Crawl Stone Soup version 0.27.0-1-g7a089689b8 (webtiles) character file.

Game seed: 7755893252225434034

8 Spectrina the Ducker (level 2, -2/18 HPs)
             Began as a Deep Elf Monk on Aug 12, 2021.
             Slain by a quokka (3 damage)
             ... on level 3 of the Dungeon.
             The game lasted 00:01:59 (300 turns).

Spectrina the Ducker (Deep Elf Monk)                 Turns: 300, Time: 00:02:00

Health: -2/18      AC:  2    Str:  8    XL:     2   Next: 0%
Magic:  4/4        EV: 13    Int: 14    God:
Gold:   20         SH:  0    Dex: 17    Spells: 1/1 levels left

rFire    . . .     SeeInvis .   a - +0 short sword
rCold    . . .     Faith    .   (no shield)
rNeg     . . .     Spirit   .   b - +0 robe
rPois    .         Reflect  .   (no helmet)
rElec    .         Harm     .   (no cloak)
rCorr    .         Rampage  .   (no gloves)
Will     .....                  (no boots)
Stlth    +++.......             (no amulet)
HPRegen  0.06/turn              (no ring)
MPRegen  0.09/turn              (no ring)

@: mighty
A: no striking features
a: no special abilities


You were on level 3 of the Dungeon.
You visited 1 branch of the dungeon, and saw 3 of its levels.

You collected 20 gold pieces.

Inventory:

Hand Weapons
 a - a +0 short sword (weapon)
 f - a +0 dagger
Armour
 b - a +0 robe (worn)
Scrolls
 e - a scroll of amnesia {unknown}


   Skills:
 - Level 2.4 Fighting
 - Level 3.0 Short Blades
 - Level 3.6 Dodging
 + Level 3.5 Stealth


You had one spell level left.
You didn't know any spells.
Your spell library was empty.

Dungeon Overview and Level Annotations

Branches:
Dungeon (3/15)

Altars:


Message History

a +0 dagger; a goblin corpse
f - a +0 dagger
f - a +0 dagger (weapon)
Found a stone staircase leading down.
There is a stone staircase leading down here.
You climb downwards.
There is a stone staircase leading up here.
Unknown command.
A quokka comes into view.
The quokka moves out of view.
A ball python comes into view.
The ball python hisses angrily.
The ball python barely misses you. The ball python misses you.
You hit the ball python but do no damage.
The ball python barely misses you. The ball python grabs you.
The ball python constricts you.
You barely miss the ball python. The ball python closely misses you.
The ball python constricts you.
You escape the ball python's grasp.
a - a +0 short sword (weapon)
You hit the ball python.
You kill the ball python!
You have reached level 2!
f - a +0 dagger (weapon)
You see here a ball python corpse.
Unknown command.
You hit the quokka.
The quokka is lightly wounded.
The quokka bites you.
a - a +0 short sword (weapon)
You completely miss the quokka. The quokka closely misses you.
The quokka bites you.
* * * LOW HITPOINT WARNING * * *
It was a potion of cancellation.
You feel magically purged. The quokka bites you.
* * * LOW HITPOINT WARNING * * *
It was a potion of might.
You feel very mighty all of a sudden. The quokka bites you.
You die...

###### #....# #..
#.##@# #.# #.#r.#
#.# #.#.## #.# #.#.
#.# #.######.#
.##### #......#.#
.#....
######.#.####......
#....#.#...........
#.##.#.####........


You could see a quokka.

Vanquished Creatures
  A bat (D:1)
  2 endoplasms
  A goblin (D:2)
  A ball python (D:3)
  2 frilled lizards
  A kobold (D:1)
8 creatures vanquished.

Notes
Turn   | Place    | Note
-------+----------+-------------------------------------------
     0 | D:1      | Spectrina the Deep Elf Monk began the quest for the Orb.
     0 | D:1      | Reached XP level 1. HP: 13/13 MP: 3/3
   239 | D:3      | Reached XP level 2. HP: 10/18 MP: 4/4
   300 | D:3      | Slain by a quokka

Illustrated notes

Levels and vault maps discovered:
D:1:      dpeg_chamrin_arrival_tetris, layout_loops_ring, minmay_split_cup_small
D:2:      layout_basic, shapermc_ecumenical_altar_mp_highgroup,
          minmay_hedge_maze, uniq_crazy_yiuf_cottage
D:3:      layout_loops_cross, zin_angel, serial_co_window_serial,
          co_window_corner_a, co_window_of_opportunity_a, co_window_corner_a,
          co_window_paths_a, co_window_paths_a, co_window_of_opportunity_a,
          co_window_cross_4, co_window_corner_b, co_window_broadway_c,
          co_window_paths_c, co_window_cross_3, co_window_corner_ca,
          glass_columns_b, small_statue_intersection, patterned_corridor

Skill      XL: |  1 |
---------------+----+-----
Stealth        | 3 |  3.5
Fighting       | |  2.4
Short Blades   | |  3.0
Dodging        | |  3.6

Action                   || total
-------------------------++-------
Melee: Short sword       ||    26
       Dagger            ||     3
  Use: Potion            ||     2
 Stab: Sleeping          ||     1
Armor: Robe              ||     5
Dodge: Dodged            ||    16
